AoeStats
← dundergubbe

Arabia

510143157Analyzed
2v2 RM · 4d ago on Sep 29, 2026· 40m 31s· 4 players
Game mode
Random Map
Map size
Medium (4 player)
Population
200
Speed
Normal
Resources
Standard
Victory
Conquest
Starting age
Dark Age
Ending age
Imperial Age
RankedLock teamsTeams togetherTeam positionsShared explorationLock speedFull tech treeHidden civsTurbo modeCheats
Victory
Defeat
882
+18
882
+18
🇦🇷 Franks · Argentina
940
-33
🇫🇮 Maya · Finland
900
-17
灭世屠神焚天撼天修罗
10:55 Feudal Age
11:31 Double-Bit Axe
21:47 Castle Age
21:16 Scale Barding Armor
21:21 Forging
23:13 Gold Mining
23:13 Stone Mining
25:24 Bow Saw
25:19 Husbandry
25:56 Light Cavalry
27:50 Gold Shaft Mining
29:09 Chain Barding Armor
39:07 Iron Casting
42:21 Imperial Age
雷霆灭世小羊羊
6:31 Loom
9:46 Feudal Age
11:29 Horse Collar
12:45 Double-Bit Axe
15:26 Fletching
17:39 Padded Archer Armor
20:58 Castle Age
22:08 Wheelbarrow
21:17 Crossbowman
22:14 Leather Archer Armor
21:55 Bodkin Arrow
22:46 Thumb Ring
26:44 Gold Mining
27:23 Bow Saw
27:17 Heavy Plow
29:02 Hand Cart
29:26 Gold Shaft Mining
30:26 Ballistics
29:44 Man-at-Arms
35:37 Imperial Age
33:40 Town Watch
35:37 Stone Mining
36:40 Arbalester
37:15 Murder Holes
38:23 Chemistry
37:21 Murder Holes
38:02 Ring Archer Armor
38:18 Bracer
dundergubbe
5:52 Loom
11:11 Feudal Age
20:03 Castle Age
20:56 Double-Bit Axe
20:53 Horse Collar
21:19 Scale Mail Armor
21:58 Forging
22:46 Squires
25:27 Elite Skirmisher
27:42 Fletching
29:38 Eagle Warrior
30:37 Thumb Ring
30:45 Pikeman
39:38 Sanctity
nutria._.del._.monte
10:16 Feudal Age
10:51 Double-Bit Axe
13:06 Loom
21:06 Castle Age
19:26 Man-at-Arms
Connection lost

Rejoining the realm…

Still unreachable

The connection could not be restored.

Session expired

The server has moved on; the page needs a fresh start.